 Dungeon Crawl Stone Soup version 0.19-a0-994-g3c636f0 (webtiles) character file.

21452 matakusis the Nimble (level 12, -7/100 HPs)
             Began as a Demonspawn Gladiator on July 17, 2016.
             Was an Elder of Hepliaklqana.
             Mangled by Rupert
             ... wielding a +3 battleaxe of flaming
              (25 damage)
             ... while paralysed by Rupert
             ... on level 13 of the Dungeon.
             The game lasted 00:42:25 (14545 turns).

matakusis the Nimble (Demonspawn Gladiator)        Turns: 14545, Time: 00:42:27

Health: -7/100     AC: 15    Str: 15    XL:     12   Next: 54%
Magic:  12/12      EV:  2    Int: 10    God:    Hepliaklqana [****..]
Gold:   771        SH:  0    Dex: 20    Spells: 0 memorised, 11 levels left

rFire  + . .     SeeInvis .     a - +1 long sword (flame)
rCold  . . .     Gourm    .     C - +2 ring mail of Ynuchaakh {rPois rF+ Dex+3}
rNeg   . . .     Faith    .     (no shield)
rPois  +         Spirit   .     (helmet restricted)
rElec  .         Dismiss  .     x - +2 cloak
rCorr  .         Reflect  .     w - +1 pair of gloves
SustAt .         Harm     +     (no boots)
MR     .....                    D - amulet of harm
Stlth  +.........               K - ring of wizardry
                                s - ring of flight

@: paralysed, not resistant to hostile enchantments, very unstealthy
A: antennae 1, hooves 2, large bone plates 1, powered by death 2, weak 1,
evolution 1, MP-powered wands
a: Recall Ancestor, Ancestor Identity, Transference, Idealise, Renounce
Religion, Evoke Flight


You were on level 13 of the Dungeon.
You worshipped Hepliaklqana.
Hepliaklqana was greatly pleased with you.
You were very hungry.

You visited 2 branches of the dungeon, and saw 16 of its levels.
You also visited: Sewer and Ossuary.

You collected 771 gold pieces.

Inventory:

Hand Weapons
 a - a +1 long sword of flaming (weapon)
Armour
 c - a +0 helmet
 w - a +1 pair of gloves (worn)
 x - a +2 cloak (worn)
 C - the +2 ring mail of Ynuchaakh (worn) {rPois rF+ Dex+3}
   (You found it on level 7 of the Dungeon)

   It affects your dexterity (+3).
   It protects you from fire.
   It protects you from poison.
Jewellery
 s - a ring of flight (left hand)
 D - an amulet of harm (around neck)
 K - a ring of wizardry (right hand)
Wands
 m - a wand of paralysis (9/24)
 u - a wand of acid (1/15)
 I - a wand of polymorph (13/24)
Scrolls
 b - 3 scrolls of fog
 l - 7 scrolls of remove curse
 o - 9 scrolls of teleportation
 r - 2 scrolls of fear
 y - a scroll of immolation
 H - a scroll of recharging
 J - a scroll of magic mapping
Potions
 e - 4 potions of curing
 h - a potion of cancellation
 j - 2 potions of brilliance
 k - 2 potions of heal wounds
 p - 3 potions of might
 q - 3 potions of magic
 t - 2 potions of lignification
 z - a potion of haste
Books
 B - a book of Dreams

   Spells                             Type                      Level
   a - Ensorcelled Hibernation        Hexes/Ice                    2
   b - Silence                        Hexes/Air                    5
   c - Darkness                       Hexes                        6
   d - Shadow Creatures               Summoning                    6
 F - a book of the Dragon

   Spells                             Type                      Level
   a - Flame Tongue                   Conjuration/Fire             1
   b - Cause Fear                     Hexes                        4
   c - Bolt of Fire                   Conjuration/Fire             6
   d - Dragon Form                    Transmutation                7
   e - Dragon's Call                  Summoning                    9
 G - a book of the Sky

   Spells                             Type                      Level
   a - Summon Lightning Spire         Summoning/Air                4
   b - Airstrike                      Air                          4
   c - Silence                        Hexes/Air                    5
   d - Deflect Missiles               Charms/Air                   6
   e - Conjure Ball Lightning         Conjuration/Air              6
   f - Tornado                        Air                          9
Miscellaneous
 E - a lamp of fire
Comestibles
 f - 12 bread rations
 g - 7 slices of pizza
 i - 19 fruits
 n - 13 meat rations
 v - 3 beef jerkies
 A - a royal jelly


   Skills:
 * Level 11.3 Fighting
 + Level 9.7 Long Blades
 - Level 1.7 Throwing
 + Level 5.2 Armour
 * Level 12.6 Dodging


You had 11 spell levels left.
You didn't know any spells.

Dungeon Overview and Level Annotations

Branches:
Dungeon (15/15)            Temple (1/1) D:7            Lair (0/6) D:8
    Orc (0/2) D:11
 Vaults: D:13-14     Depths: D:15

Altars:
Ashenzari
Cheibriados
Dithmenos
Elyvilon
Fedhas
Gozag
Hepliaklqana
Kikubaaqudgha
Makhleb
Nemelex Xobeh
Okawaru
Pakellas
Qazlal
Ru
Sif Muna
Trog
Uskayaw
Vehumet
Xom
Yredelemnul
Zin
The Shining One
Jiyva

Shops:
D:10 (   D:11 }   D:12 :

Annotations:
D:13 Rupert


Innate Abilities, Weirdness & Mutations

You have hoof-like feet.
You are partially covered in large bone plates. (AC +2, SH +2)
You regenerate health from kills.
You have a pair of small antennae on your head.
You are weak. (Str -2)
You evolve.
You expend magic power (3 MP) to strengthen your wands.


Message History

Rupert burns you.
* * * LOW HITPOINT WARNING * * *
Your ring mail of Ynuchaakh prevents you from hitting Rupert.
You kick Rupert.
Rupert is severely wounded.
Rupert looks more energetic.
You slash Rupert! You burn Rupert.
Rupert is severely wounded.
Rupert completely misses you.
You feel much better. Rupert yells loudly at you.
You suddenly lose the ability to move!
Rupert roars madly and goes into a rage!
Rupert goes berserk!
Rupert hits you with a battleaxe of flaming!!
* * * LOW HITPOINT WARNING * * *
Rupert burns you.
* * * LOW HITPOINT WARNING * * *
Rupert hits you with a battleaxe of flaming!!
You die...

# #{# #.# ##@#####
#.# #....y.# #.#
#..###.# #.#
#..###@##########.#
#....#.##..a....#.#
#.##.#.##.##y.yya.#
#.##.........##@###
#......##.#####@#
#########.#####.#
#.......# #########


You could see Rupert (berserk), 2 vampire mosquitoes and a worker ant.

Vanquished Creatures
  The ghost of HAL9000 the Basher, a novice OgHu of Uskayaw (D:7)
  A hydra (D:8)
  2 hill giants
  Pikel (D:8)
  A griffon (D:15)
  A cyclops (D:11)
  7 ugly things
  A centaur zombie (D:12)
  Joseph (D:7)
  2 centaur skeletons
  Psyche (D:8)
  3 trolls
  A two-headed ogre (D:10)
  Prince Ribbit (D:8)
  A slime creature (D:10)
  7 yaks
  A wraith (D:7)
  A water elemental (D:13)
  A wyvern (D:10)
  A vampire (D:15)
  A basilisk (D:12)
  2 humans (D:8)
  A hippogriff (D:9)
  A hungry ghost (D:11)
  2 water moccasins
  2 black bears
  An orc warrior (D:6)
  4 ice beasts
  2 necrophages
  A sky beast (D:8)
  5 phantoms
  4 centaurs
  4 ogres
  5 big kobolds
  9 giant frogs
  4 water moccasin zombies
  3 scorpions
  2 wyvern zombies
  A wyvern skeleton (D:9)
  10 killer bees
  5 howler monkeys
  7 crimson imps
  8 jellies
  A quasit (D:12)
  7 hounds
  6 orc priests
  7 orc wizards
  4 giant frog skeletons
  7 iguanas
  Ijyb (D:2)
  8 worker ants
  A sheep (D:8)
  A big kobold zombie (Ossuary)
  4 hound skeletons
  2 mummies (Ossuary)
  2 howler monkey skeletons (D:5)
  4 river rats
  15 adders
  4 shadow imps
  A white imp (D:13)
  2 ufetubi (D:13)
  7 oozes
  An adder skeleton (D:8)
  5 adder zombies (Ossuary)
  9 worms
  5 giant geckos
  30 orcs
  2 ball pythons
  4 giant cockroaches
  A gnoll zombie (Ossuary)
  7 goblins
  3 hobgoblins
  13 jackals
  9 kobolds
  3 quokkas
  7 bats
  A giant gecko zombie (D:6)
  8 giant newts
  6 hobgoblin zombies (Ossuary)
  A kobold zombie (Ossuary)
  5 orc zombies (Ossuary)
  A quokka zombie (D:9)
  11 rats
336 creatures vanquished.

Vanquished Creatures (collateral kills)
  A hydra (D:12)
  A centaur warrior (D:13)
  Nergalle (D:12)
  2 centaur skeletons
  A gargoyle (D:11)
  2 trolls
  A black bear (D:9)
  A necrophage (D:9)
  An ogre (D:9)
  2 big kobolds
  A giant frog (D:15)
  2 killer bees (D:11)
  A howler monkey (D:12)
  A crimson imp (D:12)
  An orc wizard (D:9)
  A sheep (D:8)
  A giant gecko (D:7)
  3 orcs
  2 jackals (D:7)
  A quokka (D:11)
27 creatures vanquished.

Vanquished Creatures (others)
  A crimson imp (D:8)
  A quasit (D:8)
  2 hexers
  An orc (D:8)
5 creatures vanquished.

Grand Total: 368 creatures vanquished

Notes
Turn   | Place    | Note
-------+----------+-------------------------------------------
     0 | D:1      | matakusis the Demonspawn Gladiator began the quest for the Orb.
     0 | D:1      | Reached XP level 1. HP: 16/16 MP: 1/1
   171 | D:1      | Reached skill level 3 in Dodging
   395 | D:1      | Gained mutation: You have large cloven feet. [demonic ancestry]
   395 | D:1      | Reached XP level 2. HP: 22/22 MP: 2/2
   924 | D:2      | Noticed Ijyb
   946 | D:2      | Killed Ijyb
   946 | D:2      | Reached XP level 3. HP: 14/28 MP: 3/3
  1446 | D:2      | Gained mutation: You possess an exceptional clarity of mind. [potion of mutation]
  1446 | D:2      | Gained mutation: You passively map a small area around you. [potion of mutation]
  1447 | D:2      | Gained mutation: You tend to lose your temper in combat. [potion of mutation]
  1447 | D:2      | Lost mutation: You possess an exceptional clarity of mind. [potion of mutation]
  1447 | D:2      | Lost mutation: You tend to lose your temper in combat. [potion of mutation]
  1645 | D:2      | Reached XP level 4. HP: 29/34 MP: 4/4
  1822 | D:3      | Reached skill level 4 in Dodging
  1940 | D:3      | Reached XP level 5. HP: 5/41 MP: 5/5
  2732 | D:4      | Found a glowing drain.
  2770 | Sewer    | Entered a sewer
  2856 | Sewer    | Reached XP level 6. HP: 33/47 MP: 6/6
  2972 | Sewer    | Reached skill level 5 in Dodging
  3312 | Sewer    | Gained mutation: You regenerate a little health from kills. [demonic ancestry]
  3312 | Sewer    | Reached XP level 7. HP: 23/54 MP: 7/7
  4154 | D:4      | Reached skill level 6 in Dodging
  4779 | D:4      | Reached skill level 5 in Fighting
  5462 | D:4      | Gained mutation: You are partially covered in large bone plates. (AC +2, SH +2) [demonic ancestry]
  5462 | D:4      | Reached XP level 8. HP: 49/62 MP: 8/8
  5740 | D:5      | Entered Level 5 of the Dungeon
  5754 | D:5      | Reached skill level 7 in Dodging
  6164 | D:5      | Reached skill level 5 in Long Blades
  6326 | D:5      | Reached skill level 1 in Armour
  6822 | D:5      | Found a bloodstained altar of Trog.
  6833 | D:5      | Found a shadowy altar of Dithmenos.
  7233 | D:6      | Reached skill level 8 in Dodging
  7358 | D:6      | Gained mutation: You have hoof-like feet. [demonic ancestry]
  7358 | D:6      | Reached XP level 9. HP: 35/71 MP: 9/9
  7826 | D:7      | Noticed HAL9000's ghost (novice OgHu)
  7868 | D:7      | Killed HAL9000's ghost
  7868 | D:7      | Reached skill level 9 in Dodging
  7876 | D:7      | Found a sand-covered staircase.
  7939 | Ossuary  | Entered an ossuary
  8144 | D:7      | Found a staircase to the Ecumenical Temple.
  8160 | Temple   | Entered the Ecumenical Temple
  8246 | Temple   | Became a worshipper of Hepliaklqana
  8376 | D:7      | Noticed Joseph
  8379 | D:7      | Found a bloodstained altar of Trog.
  8395 | D:7      | Killed Joseph
  8516 | D:7      | Got a distressingly furry ring mail
  8533 | D:7      | Identified the +2 ring mail of Ynuchaakh {rPois rF+ Dex+3} (You found it on level 7 of the Dungeon)
  8630 | D:7      | Found an opulent altar of Gozag.
  8810 | D:7      | Reached XP level 10. HP: 72/80 MP: 10/10
  8913 | D:8      | Noticed Psyche
  8919 | D:8      | Killed Psyche
  8984 | D:8      | Noticed Pikel
  8996 | D:8      | Killed Pikel
  9056 | D:8      | Reached skill level 10 in Dodging
  9098 | D:8      | Noticed a three-headed hydra
  9102 | D:8      | Killed a one-headed hydra
  9156 | D:8      | Found an iron altar of Okawaru.
  9319 | D:8      | Reached * piety under Hepliaklqana
  9497 | D:8      | Found a staircase to the Lair.
  9522 | D:8      | Noticed Prince Ribbit
  9535 | D:8      | Killed Prince Ribbit
  9550 | D:8      | Found an ancient bone altar of Kikubaaqudgha.
  9947 | D:9      | Gained mutation: You regenerate health from kills. [demonic ancestry]
  9947 | D:9      | Reached XP level 11. HP: 89/89 MP: 11/11
 10531 | D:9      | Reached ** piety under Hepliaklqana
 10532 | D:9      | Remembered your ancestor Ku-aya as a hexer
 10614 | D:10     | Entered Level 10 of the Dungeon
 10635 | D:10     | Found a viscous altar of Jiyva.
 10689 | D:10     | Noticed a hill giant
 10702 | D:10     | Killed a hill giant
 10702 | D:10     | Reached skill level 11 in Dodging
 11012 | D:10     | Found Qaemydgh's Antique Weapon Shop.
 11789 | D:11     | Reached *** piety under Hepliaklqana
 12006 | D:11     | Found a staircase to the Orcish Mines.
 12049 | D:11     | Got an ancient mace
 12055 | D:11     | Found Yfujeisewk's Gadget Boutique.
 12323 | D:12     | Reached skill level 10 in Fighting
 12503 | D:12     | Noticed an eight-headed hydra
 12514 | D:12     | Killed a five-headed hydra
 12842 | D:12     | Noticed Nergalle
 12863 | D:12     | Killed Nergalle
 12863 | D:12     | Reached skill level 12 in Dodging
 12914 | D:12     | Noticed a brown ugly thing
 12929 | D:12     | Killed a brown ugly thing
 12936 | D:12     | Gained mutation: Armour fits poorly on your strangely shaped body. [mutagenic meat]
 12939 | D:12     | Gained mutation: Your spells are a little harder to cast, but a little more powerful. [mutagenic meat]
 12942 | D:12     | Gained mutation: You are dopey. (Int -2) [mutagenic meat]
 12942 | D:12     | Lost mutation: Your spells are a little harder to cast, but a little more powerful. [potion of cure mutation]
 12942 | D:12     | Lost mutation: Armour fits poorly on your strangely shaped body. [potion of cure mutation]
 12942 | D:12     | Lost mutation: You are dopey. (Int -2) [potion of cure mutation]
 12942 | D:12     | Lost mutation: You passively map a small area around you. [potion of cure mutation]
 12984 | D:12     | Reached XP level 12. HP: 44/98 MP: 12/12
 13247 | D:12     | Found Wapluj's Book Shoppe.
 13569 | D:13     | Noticed a centaur warrior
 13594 | D:13     | Killed a centaur warrior
 13875 | D:13     | You fall through a shaft for 2 floors!
 13875 | D:15     | Entered Level 15 of the Dungeon
 13875 | D:15     | Reached **** piety under Hepliaklqana
 13944 | D:15     | Reached skill level 5 in Armour
 14149 | D:14     | Gained mutation: You are clumsy. (Dex -2) [mutagenic meat]
 14152 | D:14     | Gained mutation: Your mind is acute. (Int +2) [mutagenic meat]
 14158 | D:14     | Gained mutation: You are weak. (Str -2) [mutagenic meat]
 14161 | D:14     | Gained mutation: You are very clumsy. (Dex -4) [mutagenic meat]
 14164 | D:14     | Gained mutation: You expend magic power (3 MP) to strengthen your wands. [mutagenic meat]
 14167 | D:14     | Lost mutation: You are very clumsy. (Dex -4) [mutagenic meat]
 14170 | D:14     | Gained mutation: You have a pair of small horns on your head. [mutagenic meat]
 14173 | D:14     | Gained mutation: You are resistant to electric shocks. (rElec) [mutagenic meat]
 14179 | D:14     | Gained mutation: You passively map a small area around you. [mutagenic meat]
 14182 | D:14     | Lost mutation: You are resistant to electric shocks. (rElec) [mutagenic meat]
 14185 | D:14     | Lost mutation: Your mind is acute. (Int +2) [potion of cure mutation]
 14185 | D:14     | Lost mutation: You have a pair of small horns on your head. [potion of cure mutation]
 14185 | D:14     | Lost mutation: You passively map a small area around you. [potion of cure mutation]
 14185 | D:14     | Lost mutation: You are clumsy. (Dex -2) [potion of cure mutation]
 14186 | D:14     | Gained mutation: You evolve. [potion of beneficial mutation]
 14187 | D:14     | Gained mutation: You have a pair of small antennae on your head. [potion of beneficial mutation]
 14290 | D:14     | Noticed a yaktaur captain
 14497 | D:13     | Noticed Rupert
 14533 | D:13     | HP: 3/100 [Rupert/battleaxe of flaming (13)]
 14533 | D:13     | HP: 1/100 [Rupert/battleaxe of flaming (2)]
 14542 | D:13     | Paralysed by Rupert for 5 turns
 14545 | D:13     | Mangled by Rupert

Vault maps used:
D:1:      minmay_arrival_five_plusses
D:2:      uniq_iyjb
D:3:      minmay_lizard_king
D:4:      portal_sewer_entry_b, grunt_decor_fettered
D:5:      amethyst_overflow_temple_binary, first_bread
D:7:      grunt_gozag_statues, nicolae_ossuary_entry_ruins, grunt_ministairs_10,
          trog_three_pillars_becter, uniq_joseph
D:8:      nicolae_overflow_crystal_walls, okawaru_humans, lair_0_dummy,
          hangedman_ranch, uniq_pikel, uniq_prince_ribbit1, uniq_psyche
D:10:     serial_shops, nicolae_shop_waterfront, jiyva_altar_1
D:11:     orc_0_dummy, serial_shops,
          nicolae_shop_temple_entry_statues_fountains, columned_hall_lemuel,
          minmay_misc_feat_nine_boxes, nicolae_sextant, st_stairs_10
D:12:     serial_shops, nicolae_shop_stone, hangedman_decor_points,
          uniq_nergalle
D:13:     serial_ice, serial_ice_c, serial_ice_l, serial_ice_e, serial_ice_h,
          nicolae_ashenzari_panopticon, uniq_rupert
D:14:     david_vaults_2, kennysheep_decorative_pillar, hex_tiny
D:15:     grunt_enter_depths_magical_seal, hangedman_abyss_or_decor_stabs
Temple:   minmay_crystal_spiral_temple
Sewer:    sewer_co_tree
Ossuary:  ossuary_tomb_2

Skill      XL: |  1  2  3  4  5  6  7  8  9 10 11 12 |
---------------+-------------------------------------+-----
Dodging        | 3 4 5 6 8 9 10 12 | 12.6
Long Blades    | 3 4 5 6 7 9 |  9.7
Fighting       | 3 4 5 6 7 9 10 11 | 11.3
Armour         | 1 2 3 4 5 |  5.2
Throwing       | |  1.7

Action                   |  1- 3 |  4- 6 |  7- 9 | 10-12 || total
-------------------------+-------+-------+-------+-------++-------
Melee: Long sword        |   115 |   295 |   734 |   904 ||  2048
       Kick              |    25 |    67 |   211 |   382 ||   685
Throw: Throwing net      |       |       |     3 |     1 ||     4
Invok: Recall Ancestor   |       |       |       |     3 ||     3
       Ancestor Life: He |       |       |       |     1 ||     1
  Use: Scroll            |     3 |     3 |    16 |     6 ||    28
       Potion            |     2 |     1 |     1 |    14 ||    18
 Stab: Distracted        |       |       |       |     6 ||     6
       Confused          |       |       |       |     4 ||     4
  Eat: Chunk             |     1 |     6 |    19 |    35 ||    61
       Beef jerky        |       |     1 |       |       ||     1
Armor: Leather armour    |    21 |    40 |   125 |       ||   186
       Ring mail         |       |       |     5 |   222 ||   227
Dodge: Dodged            |    76 |   158 |   423 |   599 ||  1256
Block: Other             |       |       |    29 |    44 ||    73
